[Event "FIDE Online Steinitz Memorial Open"]
[Site "Internet"]
[Date "2020.05.16"]
[Round "9"]
[White "Bu, Xiangzhi"]
[Black "Svidler, Peter"]
[Result "1/2-1/2"]
[ECO "D41"]
[WhiteElo "2760"]
[BlackElo "2754"]
[Annotator "RC"]
[PlyCount "72"]
[EventDate "2020.05.15"]
[EventType "tourn"]
[SourceTitle "playchess.com"]
[Source "ChessBase"]
[SourceQuality "1"]
[TimeControl "180+2"]

1. Nf3 Nf6 2. c4 c5 3. g3 d5 4. cxd5 Nxd5 5. Bg2 Nc6 6. d4 e6 7. O-O Be7 8. Nc3 O-O 9. Nxd5 exd5 10. dxc5 Bxc5 11. Bg5 f6 12. Rc1 Bb6 13. Bd2 Bf5 14. b4 Be4 15. b5 Ne5 16. Bb4 Re8 17. Nxe5 Bxg2 18. Kxg2 Rxe5 19. Qd3 d4 20. a4 a6 21. bxa6 Rxa6 22. Rfd1 Qd5+ 23. Kg1 Re8 24. a5 Bxa5 25. Rc5 Qa2 26. Qb5 Rea8 27. Qxb7 Bxb4 28. Qxb4 Qxe2 29. Qxd4 h6 30. Rc7 R6a7 31. Rxa7 Rxa7 32. Qxa7 Qxd1+ 33. Kg2 Qd5+ 34. Kg1 Qd1+ 35. Kg2 Qd5+ 36. Kg1 Qd1+ 1/2-1/2

[Event "FIDE Online Steinitz Memorial Open"]
[Site "Internet"]
[Date "2020.05.16"]
[Round "10"]
[White "Mamedyarov, Shakhriyar"]
[Black "Bu, Xiangzhi"]
[Result "1-0"]
[ECO "D23"]
[WhiteElo "2716"]
[BlackElo "2760"]
[Annotator "RC"]
[PlyCount "105"]
[EventDate "2020.05.15"]
[EventType "tourn"]
[SourceTitle "playchess.com"]
[Source "ChessBase"]
[SourceQuality "1"]
[TimeControl "180+2"]

1. d4 d5 2. c4 c6 3. Nf3 Nf6 4. Qb3 dxc4 5. Qxc4 Bf5 6. g3 e6 7. Bg2 Nbd7 8. O-O Be7 9. Nc3 O-O 10. Re1 b5 11. Qb3 b4 12. Na4 Be4 13. Bg5 Qa5 14. Bxf6 Nxf6 15. Rac1 Bd5 16. Qc2 b3 17. axb3 Rab8 18. Nc3 Bxb3 19. Qd3 Nd7 20. Nd2 Rfc8 21. Ra1 Qc7 22. Rec1 a5 23. e3 Qb6 24. h4 h6 25. Nxb3 Qxb3 26. Rxa5 Qxb2 27. Rb1 Qxc3 28. Qxc3 Rxb1+ 29. Kh2 Nf6 30. Bf3 Bb4 31. Qc2 Bxa5 32. Qxb1 Rd8 33. Bxc6 Bc7 34. Kg2 Bd6 35. Qa2 Rb8 36. Bf3 h5 37. e4 e5 38. Qa6 Rd8 39. Qb6 Rd7 40. d5 g6 41. Be2 Be7 42. Bb5 Rd8 43. Kf3 Kf8 44. Qc7 Rd6 45. Bc6 Ng4 46. Ke2 Nf6 47. f3 Nh7 48. f4 f6 49. Bd7 Ra6 50. f5 Ra2+ 51. Kd1 g5 52. Be6 Ra8 53. d6 1-0

[Event "FIDE Online Steinitz Memorial Open"]
[Site "Internet"]
[Date "2020.05.16"]
[Round "10"]
[White "Le, Quang Liem"]
[Black "Dubov, Daniil"]
[Result "1/2-1/2"]
[ECO "D45"]
[WhiteElo "2690"]
[BlackElo "2720"]
[Annotator "ChessBase"]
[PlyCount "107"]
[EventDate "2020.05.15"]
[EventType "tourn"]
[SourceTitle "playchess.com"]
[Source "ChessBase"]
[SourceQuality "1"]
[TimeControl "180+2"]

1. Nf3 d5 2. e3 Nf6 3. c4 e6 4. Nc3 c6 5. b3 Bd6 6. Bb2 O-O 7. d4 Nbd7 8. Be2 Re8 9. O-O dxc4 10. bxc4 e5 11. Qc2 exd4 12. exd4 Nf8 13. Rad1 Ng6 14. Ne5 Nf4 15. Bf3 Be6 16. g3 Ng6 17. Bg2 Qc8 18. f4 Bh3 19. Rfe1 Bxg2 20. Kxg2 Qc7 21. Nf3 Rad8 22. f5 Nf8 23. Qb3 Qc8 24. Qc2 Rxe1 25. Rxe1 Re8 26. Rxe8 Qxe8 27. Bc1 b5 28. c5 Bc7 29. h3 N8d7 30. g4 b4 31. Ne2 Nd5 32. Kf2 N7f6 33. Ng3 Nc3 34. Nf1 h5 35. g5 Qe4 36. Qxe4 Nfxe4+ 37. Ke3 f6 38. g6 Kf8 39. a3 a5 40. axb4 axb4 41. Kd3 Nf2+ 42. Kc4 Nd5 43. Ne3 Nxe3+ 44. Bxe3 Nxh3 45. Kxb4 Bf4 46. Bxf4 Nxf4 47. Ka5 Ke8 48. Kb6 Kd7 49. Kb7 Nd5 50. Nh4 Ne3 51. Kb6 Nd5+ 52. Kb7 Ne3 53. Kb6 Nd5+ 54. Kb7 1/2-1/2

[Event "FIDE Online Steinitz Memorial Open"]
[Site "Internet"]
[Date "2020.05.17"]
[Round "13"]
[White "Bu, Xiangzhi"]
[Black "Grischuk, Alexander"]
[Result "1-0"]
[ECO "A48"]
[WhiteElo "2760"]
[BlackElo "2765"]
[Annotator "RC"]
[PlyCount "97"]
[EventDate "2020.05.15"]
[EventType "tourn"]
[SourceTitle "playchess.com"]
[Source "ChessBase"]
[SourceQuality "1"]
[TimeControl "180+2"]

1. d4 Nf6 2. Nf3 g6 3. Bf4 Bg7 4. c3 O-O 5. h3 c5 6. e3 d6 7. dxc5 dxc5 8. Qxd8 Rxd8 9. Bc7 Rd7 10. Bh2 b6 11. Bb5 Rd8 12. Nbd2 Bb7 13. O-O Nc6 14. Rfd1 Kf8 15. Be2 Rd7 16. a4 Rad8 17. Nc4 Rxd1+ 18. Rxd1 Rxd1+ 19. Bxd1 Ne4 20. Bc2 Nf6 21. Nfe5 Nxe5 22. Bxe5 Nd7 23. Bc7 Ke8 24. f3 Bd5 25. Bd3 Bxc4 26. Bxc4 Be5 27. Bxe5 Nxe5 28. Bb5+ Kd8 29. f4 Nd7 30. Kf2 Kc7 31. Kf3 Kd6 32. g4 h6 33. h4 Nf6 34. g5 hxg5 35. hxg5 Nh5 36. Be8 Ke6 37. e4 Ng7 38. Bb5 Kd6 39. Kg4 e6 40. b3 Nh5 41. f5 Ke5 42. f6 Nf4 43. Be8 Nd3 44. Bxf7 Nf2+ 45. Kh4 Nxe4 46. Bxg6 Nxf6 47. gxf6 Kxf6 48. Bd3 Ke5 49. Kg4 1-0